 Dungeon Crawl Stone Soup version 0.27-a0-216-g1fbed8a51c (webtiles) character file.

Game seed: 1882618680956168484

277 knot the Chopper (level 6, 46/47 HPs)
             Began as a Demonspawn Berserker on Feb 1, 2021.
             Was a Priest of Trog.
             Quit the game on level 3 of the Dungeon.
             The game lasted 00:03:33 (2439 turns).

knot the Chopper (Demonspawn Berserker)             Turns: 2439, Time: 00:03:34

Health: 46/47      AC:  9    Str: 17    XL:     6   Next: 4%
Magic:  6/6        EV: 11    Int: 11    God:    Trog [***...]
Gold:   211        SH:  0    Dex: 18    Spells: 5/5 levels left

rFire    . . .     SeeInvis .   d - +1 whip (elec)
rCold    . . .     Faith    .   (no shield)
rNeg     . . .     Spirit   .   e - +0 ring mail
rPois    .         Reflect  .   (no helmet)
rElec    .         Harm     .   (no cloak)
rCorr    .         Rampage  .   r - +0 pair of gloves
Will     .....                  m - +0 pair of boots
Stlth    +.........             f - amulet of magic regeneration
HPRegen  1.15/turn              s - +6 ring of dexterity
MPRegen  0.45/turn              u - ring of flight

@: no status effects
A: icy blue scales 1, powered by death 1, magic regeneration
a: Renounce Religion, Evoke Flight, Berserk, Trog's Hand


You were on level 3 of the Dungeon.
You worshipped Trog.
Trog was most pleased with you.
You visited 1 branch of the dungeon, and saw 3 of its levels.

You collected 211 gold pieces.

Inventory:

Hand Weapons
 d - a +1 whip of electrocution (weapon)
 t - a +0 war axe
Missiles
 c - 85 stones
 o - 46 poisoned darts (quivered)
 w - 5 boomerangs
Armour
 e - a +0 ring mail (worn)
 m - a +0 pair of boots (worn)
 r - a +0 pair of gloves (worn)
Jewellery
 f - an amulet of magic regeneration (around neck)
 s - a +6 ring of dexterity (left hand)
 u - a ring of flight (right hand)
Scrolls
 g - 6 scrolls of identify {unknown}
 h - a scroll of random uselessness {unknown}
 k - 4 scrolls of teleportation {unknown}
 n - 3 scrolls of enchant armour {unknown}
 x - a scroll of magic mapping {unknown}
Potions
 a - a potion of might {unknown}
 b - a potion of magic {unknown}
 i - a potion of resistance {unknown}
 j - 4 potions of heal wounds {unknown}
 l - 2 potions of berserk rage {unknown}
 p - a potion of ambrosia {unknown}
 q - a potion of lignification {unknown}
 v - a potion of curing {unknown}


   Skills:
 - Level 3.0 Fighting
 * Level 5.4 Axes
 * Level 2.7 Throwing
 - Level 1.7 Armour
 - Level 1.7 Dodging


You had 5 spell levels left.
You didn't know any spells.
Your spell library contained the following spells:

 Spells                   Type           Power        Failure   Level
 Magic Dart               Conj           0%           54%         1
 Blink                    Tloc           N/A          67%         2
 Call Imp                 Summ           0%           67%         2
 Slow                     Hex            0%           67%         2
 Conjure Flame            Conj/Fire      0%           88%         3
 Mephitic Cloud           Conj/Pois/Air  0%           88%         3


Dungeon Overview and Level Annotations

Branches:
Dungeon (3/15)

Altars:
Elyvilon
Gozag
Kikubaaqudgha
Uskayaw


Innate Abilities, Weirdness & Mutations

You are partially covered in icy blue scales. (AC +2)
You regenerate a little health from kills.
You regenerate magic rapidly.


Message History

No target in view!
No target in view!
No target in view!
No target in view!
No target in view!
No target in view!
You hit something but do no damage. Something hits you but does no damage.
You hit something. Something hits you.
You hit something. Lightning courses through something! Trog accepts your kill.
Trog appreciates your killing of a magic user.
Reactivating autopickup.
You feel a bit more experienced.
You have reached level 6!
Your experience leads to an increase in your attributes!
Your base attributes are Str 17, Int 10, Dex 12.
Increase (S)trength, (I)ntelligence, or (D)exterity?
You feel clever.
Your demonic ancestry asserts itself...
Icy blue scales grow over part of your body.
Are you sure you want to abandon this character and quit the game? (Confirm with "yes".)

#.# #.#
#.# #.#
#.# #.#
#.#
#.#####.#
#....)@.#
#########


There were no monsters in sight!

Vanquished Creatures
  An orc priest (D:3)
  2 jellies (D:2)
  An orc wizard (D:3)
  4 adders
  7 oozes
  A worm (D:2)
  4 dart slugs
  2 leopard geckos
  9 orcs (D:3)
  8 bats
  5 giant cockroaches
  8 goblins
  4 hobgoblins
  13 kobolds
  A quokka (D:3)
  4 frilled lizards
  10 rats
84 creatures vanquished.

Vanquished Creatures (others)
  3 fungi (D:2)
  7 toadstools (D:2)
10 creatures vanquished.

Grand Total: 94 creatures vanquished

Notes
Turn   | Place    | Note
-------+----------+-------------------------------------------
     0 | D:1      | knot the Demonspawn Berserker began the quest for the Orb.
     0 | D:1      | Reached XP level 1. HP: 18/18 MP: 1/1
   118 | D:1      | Reached skill level 3 in Axes
   261 | D:1      | Gained mutation: You regenerate a little health from kills.
                  | [demonic ancestry]
   261 | D:1      | Reached XP level 2. HP: 23/24 MP: 2/2
   641 | D:1      | Reached XP level 3. HP: 26/29 MP: 3/3
   918 | D:2      | Reached skill level 4 in Axes
  1276 | D:2      | Reached ** piety under Trog
  1319 | D:2      | Gained mutation: You regenerate magic rapidly. [demonic
                  | ancestry]
  1319 | D:2      | Reached XP level 4. HP: 35/35 MP: 4/4
  1452 | D:2      | Reached skill level 1 in Throwing
  1456 | D:2      | Reached XP level 5. HP: 40/41 MP: 5/5
  1459 | D:2      | Reached skill level 5 in Axes
  1645 | D:2      | Found an ancient bone altar of Kikubaaqudgha.
  1650 | D:2      | Found an opulent altar of Gozag.
  1651 | D:2      | Found a hide-covered altar of Uskayaw.
  1653 | D:2      | Found a white marble altar of Elyvilon.
  2072 | D:3      | Reached *** piety under Trog
  2439 | D:3      | Gained mutation: You are partially covered in icy blue
                  | scales. (AC +2) [demonic ancestry]
  2439 | D:3      | Reached XP level 6. HP: 46/47 MP: 6/6
  2439 | D:3      | Quit the game

Illustrated notes

Levels and vault maps discovered:
D:1:      lightli_arrival_flooded_house, layout_basic
D:2:      cheibrodos_fertilizer, layout_loops_ring, minitemple,
          minmay_split_cup_small
D:3:      layout_basic, dk_noncrumbling_3

Skill      XL: |  1  2  3  4  5 |
---------------+----------------+-----
Axes           | 3 4 5 |  5.4
Throwing       | 1 2 |  2.7
Fighting       | |  3.0
Armour         | |  1.7
Dodging        | |  1.7

Action                   |  1- 3 |  4- 6 || total
-------------------------+-------+-------++-------
Melee: Whip              |    92 |   110 ||   202
       Hand axe          |     3 |       ||     3
       War axe           |       |     7 ||     7
Throw: Dart              |     5 |     1 ||     6
Invok: Berserk           |     1 |     1 ||     2
Armor: Ring mail         |    39 |    42 ||    81
Dodge: Dodged            |    48 |    56 ||   104

Table legend: (Time is in decaauts)
 A = Elapsed time spent in this place.
 B = Non-inter-level travel time spent in this place.
 C = Inter-level travel time spent in this place.
 D = Time resting spent in this place.
 E = Time spent auto-exploring this place.
 F = Levels seen in this place.
 G = Mean time per level.
                   A        B        C        D        E       F      G
               +--------+--------+--------+--------+--------+-----+--------+
         Total |   2448 |   2335 |    113 |    171 |   1676 |   3 |  816.0 |
       Dungeon |   2448 |   2335 |    113 |    171 |   1676 |   3 |  816.0 |
               +--------+--------+--------+--------+--------+-----+--------+

Top non-repeatable levels by time:
     D:2: 887 daAuts
     D:1: 857 daAuts
     D:3: 704 daAuts
